 Dungeon Crawl Stone Soup version 0.28-a0-384-g9e0c098162 (webtiles) character file.

Game seed: 10110672035604660710

249 SolCadguy the Chopper (level 5, -13/40 HPs)
             Began as a Palentonga Warper on Sept 2, 2021.
             Killed by divine providence
             ... invoked by an orc priest
              (15 damage)
             ... on level 4 of the Dungeon.
             The game lasted 00:11:20 (5144 turns).

SolCadguy the Chopper (Palentonga Warper)           Turns: 5144, Time: 00:11:20

Health: -13/40     AC:  7    Str: 16    XL:     5   Next: 86%
Magic:  4/8        EV:  9    Int: 13    God:
Gold:   195        SH:  4    Dex:  9    Spells: 3/8 levels left

rFire   . . .      SeeInvis +   o - +0 war axe (protect)
rCold   . . .      Faith    .   f - +0 buckler
rNeg    . . .      Spirit   .   b - +0 leather armour
rPois   .          Reflect  .   (no helmet)
rElec   .          Harm     .   l - +2 cloak
rCorr   .          Rampage  .   (no gloves)
Will    .....                   (no barding)
Stlth   +.........              (no amulet)
HPRegen 0.13/turn               m - ring of wizardry
MPRegen 0.11/turn               (no ring)

@: no status effects
A: large, rugged brown scales 3, see invisible, deformed body, roll 2, armoured
tail, stinger 1, high mp 1
a: Rolling Charge


You were on level 4 of the Dungeon.
You visited 1 branch of the dungeon, and saw 4 of its levels.

You collected 195 gold pieces.

Inventory:

Hand Weapons
 a - a +0 hand axe
 e - a +0 dagger
 o - a +0 war axe of protection (weapon)
 r - a +0 hunting sling
Missiles
 d - 4 boomerangs of dispersal (quivered)
 q - 31 sling bullets
Armour
 b - a +0 leather armour (worn)
 f - a +0 buckler (worn)
 l - a +2 cloak (worn)
Jewellery
 m - a ring of wizardry (left hand)
Potions
 g - a potion of resistance
 h - a potion of curing {unknown}
 j - a potion of ambrosia {unknown}
 k - a potion of degeneration {unknown}
 p - a potion of berserk rage {unknown}
 s - a potion of attraction {unknown}
 u - a potion of mutation


   Skills:
 - Level 2.0 Fighting
 + Level 5.3 Axes
 - Level 0.6 Throwing
 - Level 0.7 Armour
 - Level 1.5 Dodging
 - Level 2.4 Shields
 - Level 2.0 Spellcasting
 - Level 3.0 Translocations


You had 3 spell levels left.
You knew the following spells:

 Your Spells              Type           Power      Damage    Failure   Level
a - Blink                 Tloc           N/A        N/A       6%          2
b - Gell's Gravitas       Tloc           4%         N/A       11%         3

Your spell library contained the following spells:

 Spells                   Type           Power      Damage    Failure   Level
 Lesser Beckoning         Tloc           9%         N/A       11%         3
 Teleport Other           Tloc           9%         N/A       11%         3
 Scorch                   Fire           2%         2d5       19%         2
 Manifold Assault         Tloc           9%         N/A       65%         5
 Fireball                 Conj/Fire      0%         3d3       96%         5
 Summon Cactus Giant      Summ           0%         N/A       100%        6


Dungeon Overview and Level Annotations

Branches:
Dungeon (4/15)
 Temple: D:4-7

Altars:
Nemelex Xobeh

Shops:
D:1 *


Innate Abilities, Weirdness & Mutations

You are completely covered in rugged brown scales. (AC +3, +7% HP)
You have supernaturally acute eyesight. (SInv)
Armour fits poorly on your strangely shaped body.
You can roll at foes to attack.
You have a long armoured tail.
Your tail ends in a poisonous barb.
You have an increased reservoir of magic. (+10% MP)


Message History

Unknown command.
You aren't carrying any scrolls.
Casting: Gell's Gravitas (dangerous; 11% risk of failure)
Confirm with . or Enter, or press ? or * to list all spells.
Aiming: Gell's Gravitas (dangerous; 11% risk of failure)
Press: ? - help, Dir - move target, f - orc priest
Aim: an orc priest, wielding a +0 club
Okay, then.
Casting: Gell's Gravitas (dangerous; 11% risk of failure)
Confirm with . or Enter, or press ? or * to list all spells.
Aiming: Gell's Gravitas (dangerous; 11% risk of failure)
Press: ? - help, Dir - move target Gravity reorients around empty space.
The orc priest collides with the giant cockroach!
The orc priest mumbles some strange prayers to Beogh against you.
Pain shoots through your body!
* * * LOW HITPOINT WARNING * * *
The orc priest hits you but does no damage.
You block the giant cockroach's attack.
You climb downwards.
The ogre hits you with a +0 giant club.
* * * LOW HITPOINT WARNING * * *
There is a stone staircase leading up, spattered with blood here.
You aren't carrying any scrolls.
It was a potion of mutation.
You feel extremely strange.
You feel you can roll further.
You feel more energetic.
A poisonous barb forms on the end of your tail.
The ogre barely misses you. You block the giant cockroach's attack.
The orc priest casts a cantrip, but nothing happens.
Casting: Gell's Gravitas (dangerous; 11% risk of failure)
Confirm with . or Enter, or press ? or * to list all spells.
Aiming: Gell's Gravitas (dangerous; 11% risk of failure)
Press: ? - help, Dir - move target, f - ogre
Aim: an ogre, wielding a +0 giant club
Okay, then.
Casting: Gell's Gravitas (dangerous; 11% risk of failure)
Confirm with . or Enter, or press ? or * to list all spells.
You blink.
The orc priest invokes the aid of Beogh against you.
Beogh smites you!
You die...

###########
####################O[.......#
.........(......@..B.>o.####[#
###################....)..ยง#.#
#........#.# ##...#.#.#.#
#...#.#.#.# #...#.#.#.#
#...#.#.#.# #...#.#...#
#...#.#####


You could see an ogre, an orc priest and a giant cockroach.

Vanquished Creatures
  Natasha (thrice) (D:3)
  5 adders
  4 gnolls (D:2)
  A worm (D:3)
  3 dart slugs
  An orc (D:4)
  3 ball pythons
  4 bats
  9 endoplasms
  5 giant cockroaches
  6 hobgoblins
  13 jackals
  2 quokkas (D:1)
  6 frilled lizards
  4 goblins
  2 kobolds (D:1)
  10 rats
81 creatures vanquished.

Vanquished Creatures (others)
  A goblin (D:1)
1 creature vanquished.

Grand Total: 82 creatures vanquished

Notes
Turn   | Place    | Note
-------+----------+-------------------------------------------
     0 | D:1      | SolCadguy the Palentonga Warper began the quest for the
                  | Orb.
     0 | D:1      | Reached XP level 1. HP: 17/17 MP: 3/3
   197 | D:1      | Reached XP level 2. HP: 12/23 MP: 5/5
   472 | D:1      | Reached skill level 3 in Axes
   915 | D:1      | Reached XP level 3. HP: 22/28 MP: 6/6
  1185 | D:1      | Reached skill level 1 in Shields
  1351 | D:1      | Learned a level 2 spell: Blink
  1512 | D:1      | Found Arig's General Store.
  2386 | D:2      | Reached XP level 4. HP: 14/35 MP: 7/7
  2933 | D:2      | Reached skill level 4 in Axes
  3526 | D:3      | Learned a level 3 spell: Gell's Gravitas
  3673 | D:3      | Noticed Natasha
  3686 | D:3      | Killed Natasha
  3687 | D:3      | Reached XP level 5. HP: 13/40 MP: 8/8
  3803 | D:3      | Noticed Natasha
  3815 | D:3      | Killed Natasha
  4048 | D:3      | Noticed Natasha
  4062 | D:3      | Killed Natasha
  4233 | D:3      | Found a faded altar of an unknown god.
  4250 | D:3      | Reached skill level 5 in Axes
  4676 | D:3      | Found a sparkling altar of Nemelex Xobeh.
  4737 | D:4      | HP: 1/40 [orc (5)]
  5081 | D:4      | Noticed an ogre
  5138 | D:4      | HP: 1/40 [ogre (6)]
  5139 | D:4      | Gained mutation: You can roll at foes to attack. [potion of
                  | mutation]
  5139 | D:4      | Gained mutation: You have an increased reservoir of magic.
                  | (+10% MP) [potion of mutation]
  5139 | D:4      | Gained mutation: Your tail ends in a poisonous barb.
                  | [potion of mutation]
  5144 | D:4      | Killed from afar by an orc priest

Illustrated notes

Levels and vault maps discovered:
D:1:      shiori_arrival_oz, layout_basic, serial_shops, shop
D:2:      layout_loops_corners
D:3:      layout_loops_cross, amcnicky_altar_gilded,
          chequers_ecumenical_altar_island, hangedman_decor_push, uniq_natasha
D:4:      minmay_clustersquares, layout_basic, uniq_robin, uniq_edmund,
          uniq_blork_the_orc

Skill      XL: |  1  2  3  4  5 |
---------------+----------------+-----
Axes           | 3 4 5 |  5.3
Shields        | 1 2 |  2.4
Fighting       | |  2.0
Throwing       | |  0.6
Armour         | |  0.7
Dodging        | |  1.5
Spellcasting   | |  2.0
Translocations | |  3.0

Action                   |  1- 3 |  4- 6 || total
-------------------------+-------+-------++-------
Melee: Hand axe          |   170 |   103 ||   273
       Tailslap          |    14 |    11 ||    25
       War axe           |       |    24 ||    24
 Fire: Hunting sling     |       |     5 ||     5
Throw: Boomerang         |       |     1 ||     1
 Cast: Gell's Gravitas   |       |     2 ||     2
       Blink             |       |     1 ||     1
 Abil: Rolling Charge    |    27 |    16 ||    43
  Use: Scroll            |     6 |     4 ||    10
       Potion            |       |     1 ||     1
Armor: Leather armour    |    51 |    48 ||    99
Dodge: Dodged            |    94 |    53 ||   147
Block: Buckler           |    11 |    21 ||    32

Table legend: (Time is in decaauts)
 A = Elapsed time spent in this place.
 B = Non-inter-level travel time spent in this place.
 C = Inter-level travel time spent in this place.
 D = Time resting spent in this place.
 E = Time spent auto-exploring this place.
 F = Levels seen in this place.
 G = Mean time per level.
                   A        B        C        D        E       F      G
               +--------+--------+--------+--------+--------+-----+--------+
         Total |   5199 |   5066 |    133 |   2008 |   2238 |   4 | 1299.8 |
       Dungeon |   5199 |   5066 |    133 |   2008 |   2238 |   4 | 1299.8 |
               +--------+--------+--------+--------+--------+-----+--------+

Top non-repeatable levels by time:
     D:1: 2056 daAuts
     D:2: 1466 daAuts
     D:3: 1268 daAuts
     D:4: 407 daAuts
